 Dungeon Crawl Stone Soup version 0.28-a0-233-gb8ca4b6547 (webtiles) character file.

Game seed: 16930354511421854240

1194 rabbitsville the Cleaver (level 8, -3/71 HPs)
             Began as a Minotaur Fighter on Aug 21, 2021.
             Slain by a wyvern (9 damage)
             ... on level 5 of the Dungeon on Aug 22, 2021.
             The game lasted 00:19:12 (5490 turns).

rabbitsville the Cleaver (Minotaur Fighter)         Turns: 5490, Time: 00:19:13

Health: -3/71      AC:  2    Str: 22    XL:     8   Next: 20%
Magic:  7/7        EV:  8    Int:  5    God:
Gold:   216        SH: 11    Dex: 17    Spells: 7/7 levels left

rFire   . . .      SeeInvis .   a - +0 war axe
rCold   . . .      Faith    .   c - +0 kite shield
rNeg    . . .      Spirit   .   b - +0 scale mail
rPois   .          Reflect  .   o - +0 hat
rElec   .          Harm     .   (no cloak)
rCorr   .          Rampage  .   (no gloves)
Will    .....                   (no boots)
Stlth   ..........              (no amulet)
HPRegen 0.21/turn               v - +6 ring of dexterity
MPRegen 0.10/turn               (no ring)

@: corroded
A: horns 2, retaliatory headbutt
a: no special abilities


You were on level 5 of the Dungeon.
You visited 1 branch of the dungeon, and saw 5 of its levels.
You also visited: Sewer.

You collected 216 gold pieces.

Inventory:

Hand Weapons
 a - a +0 war axe (weapon)
Missiles
 j - 11 poisoned darts (quivered)
 q - a curare-tipped dart
Armour
 b - a +0 scale mail (worn)
 c - a +0 kite shield (worn)
 o - a +0 hat (worn)
Jewellery
 v - a +6 ring of dexterity (left hand)
 w - a ring of fire
Wands
 h - a wand of polymorph (21)
 A - a wand of digging (5)
Scrolls
 e - a scroll of enchant weapon {unknown}
 f - a scroll of fog {unknown}
 k - a scroll of fear {unknown}
 m - 2 scrolls of identify
 n - a scroll of enchant armour {unknown}
 s - 2 scrolls of holy word
 t - a scroll of blinking {unknown}
 u - a scroll of acquirement {unknown}
 y - 4 scrolls of teleportation
 z - 3 scrolls of amnesia {unknown}
Potions
 d - 2 potions of might
 g - a potion of haste {unknown}
 i - 2 potions of flight
 l - 4 potions of curing
 p - a potion of berserk rage {unknown}
 r - a potion of heal wounds
 x - 2 potions of attraction


   Skills:
 + Level 6.9 Fighting
 * Level 8.7 Axes
 - Level 3.6 Armour
 + Level 6.8 Shields


You had 7 spell levels left.
You didn't know any spells.
Your spell library contained the following spells:

 Spells                   Type           Power      Damage    Failure   Level
 Corona                   Hex            0%         N/A       98%         1
 Ensorcelled Hibernation  Hex/Ice        0%         N/A       99%         2
 Sublimation of Blood     Necr           0%         N/A       99%         2
 Wereblood                Tmut           0%         N/A       99%         2
 Gell's Gravitas          Tloc           0%         N/A       100%        3
 Lesser Beckoning         Tloc           0%         N/A       100%        3
 Summon Guardian Golem    Hex/Summ       0%         N/A       100%        3
 Teleport Other           Tloc           0%         N/A       100%        3
 Tukima's Dance           Hex            0%         N/A       100%        3
 Orb of Destruction       Conj           0%         N/A       100%        7
 Spellforged Servitor     Conj/Summ      0%         N/A       100%        7
 Summon Hydra             Summ           0%         N/A       100%        7


Dungeon Overview and Level Annotations

Branches:
Dungeon (5/15)              Sewer (visited)
 Temple: D:4-7

Altars:
Cheibriados
Uskayaw

Shops:
D:1 *   D:2 *(==

Annotations:
D:4 2 transporters


Innate Abilities, Weirdness & Mutations

You have a pair of horns on your head.
You reflexively headbutt those who attack you in melee.


Message History

There is a large open door here.
There is a large open door here.
Things that are here:
a +0 dagger; 5 boomerangs An orc comes into view.
It is wielding a +0 flail.
The orc shouts!
You barely miss the orc. The orc closely misses you.
The orc hits you with a +0 flail.
You closely miss the orc. The orc hits you with a +0 flail.
You slash the orc!
You kill the orc!
Things that are here:
a +0 flail; an orc corpse A jelly comes into view.
A wyvern comes into view.
You slash the jelly! The acid corrodes you!
Your hands burn!
The jelly is almost dead.
The jelly hits you.
You are splashed with acid!
The wyvern bites you!
Your shield prevents you from hitting the jelly.
You headbutt the jelly, but do no damage.
The jelly is almost dead.
You slash the wyvern! The wyvern bites you!! The jelly hits you.
You are splashed with acid!
* * * LOW HITPOINT WARNING * * *
The wyvern bites you.
* * * LOW HITPOINT WARNING * * *
You block the jelly's attack.
The wyvern bites you but does no damage.
The wyvern barely misses you.
There is a stone staircase leading up here.
You block the wyvern's attack. The wyvern closely misses you.
You furiously retaliate!
You headbutt the wyvern, but do no damage.
The wyvern barely misses you. You furiously retaliate!
You headbutt the wyvern, but do no damage.
You block the wyvern's attack. The wyvern bites you!
* * * LOW HITPOINT WARNING * * *
The wyvern bites you!
You die...

........###.....##...# #.## #....
........###....[.#...###.# #....
........##........#......# #....
........##...........##### ######
....######.....)..##.## ###8###8
###)# ##.......##..####.......
#.# ##....#.###.....(......
###)##########.##.####.#.#.......
...............l@<.# #.....#8###8
.....>.########...## ###...######
......## #8...8# #.....##..
.......# ##...## ##.###..#..
........... #...# ............
......##### ##...## ###..####...
.....)# #8...8# #.. ##.. ^......#
##...## ## #.. ######.# #...# #..


You could see a wyvern.

Vanquished Creatures
  Eustachio (D:4)
  An ice beast (D:5)
  A necrophage (D:4)
  An ogre (D:4)
  A kobold brigand (Sewer)
  Blork the orc (D:5)
  A gnoll sergeant (D:5)
  A scorpion (D:4)
  A howler monkey (D:4)
  An orc priest (D:5)
  A jelly (D:3)
  Jessica (D:2)
  Ijyb (D:5)
  2 orc wizards
  A hound zombie (D:5)
  An adder (D:4)
  12 gnolls
  A howler monkey skeleton (D:5)
  3 river rats
  A shadow imp (D:5)
  A white imp (D:3)
  2 ufetubi (D:5)
  An adder skeleton (D:4)
  2 worms
  4 dart slugs
  6 orcs
  10 ball pythons
  7 bats
  4 endoplasms
  3 giant cockroaches
  7 goblins
  7 hobgoblins
  6 jackals
  14 kobolds
  4 quokkas
  5 frilled lizards
  11 rats
128 creatures vanquished.

Vanquished Creatures (others)
  6 fungi (D:3)
  10 toadstools (D:3)
16 creatures vanquished.

Grand Total: 144 creatures vanquished

Notes
Turn   | Place    | Note
-------+----------+-------------------------------------------
     0 | D:1      | rabbitsville the Minotaur Fighter began the quest for the
                  | Orb.
     0 | D:1      | Reached XP level 1. HP: 19/19 MP: 0/0
    53 | D:1      | Reached XP level 2. HP: 27/27 MP: 1/1
    59 | D:1      | Reached skill level 3 in Axes
   299 | D:1      | Found a faded altar of an unknown god.
   308 | D:1      | Reached XP level 3. HP: 31/33 MP: 2/2
  1000 | D:1      | Found Vuistul's Assorted Antiques.
  1183 | D:2      | Noticed Jessica
  1185 | D:2      | Found Riplot's Assorted Antiques.
  1187 | D:2      | Killed Jessica
  1188 | D:2      | Reached skill level 4 in Axes
  1192 | D:2      | Reached XP level 4. HP: 36/41 MP: 3/3
  1323 | D:2      | Found Keolus's Antique Weapon Emporium.
  1476 | D:2      | Found Gousaf's Jewellery Emporium.
  1494 | D:2      | Found Ityuddef's Jewellery Shop.
  2615 | D:3      | Reached XP level 5. HP: 43/47 MP: 4/4
  2660 | D:3      | Reached skill level 5 in Axes
  2832 | D:4      | Noticed Eustachio
  2849 | D:4      | Killed Eustachio
  2850 | D:4      | Reached skill level 5 in Fighting
  2850 | D:4      | Reached skill level 5 in Shields
  2850 | D:4      | Reached XP level 6. HP: 20/56 MP: 5/5
  2875 | D:4      | Found a glowing drain.
  2880 | D:4      | Reached skill level 6 in Axes
  2891 | Sewer    | Entered a sewer
  3420 | Sewer    | Found a glowing silver altar of Zin.
  3568 | D:4      | Found a transporter.
  3572 | D:4      | Found a transporter.
  3607 | D:4      | Upgraded the game from 0.28-a0-224-g76b539d98b to
                  | 0.28-a0-233-gb8ca4b6547
  3787 | D:4      | Found a snail-covered altar of Cheibriados.
  3811 | D:4      | Found a hide-covered altar of Uskayaw.
  3937 | D:4      | Reached XP level 7. HP: 62/62 MP: 6/6
  3945 | D:4      | Reached skill level 7 in Axes
  4175 | D:5      | Entered Level 5 of the Dungeon
  4274 | D:5      | Reached skill level 8 in Axes
  4509 | D:5      | Noticed Ijyb
  4517 | D:5      | Killed Ijyb
  4632 | D:5      | Reached XP level 8. HP: 63/71 MP: 7/7
  4961 | D:5      | Noticed Blork the orc
  4977 | D:5      | Killed Blork the orc
  5490 | D:5      | Slain by a wyvern

Illustrated notes

Levels and vault maps discovered:
D:1:      amcnicky_arrival_single_pillar, layout_loops_corners,
          ebering_ecumenical_altar_rust, serial_aquarium,
          aquarium_bridge_island_small [aquarium_subvault_small_open,
          aquarium_subvault_bridge, aquarium_subvault_bridge,
          aquarium_subvault_window, aquarium_subvault_bridge],
          aquarium_bridge_square [aquarium_subvault_window,
          aquarium_subvault_balcony, aquarium_subvault_bridge,
          aquarium_subvault_window], aquarium_window_corridor_3,
          aquarium_window_fake, aquarium_window_1, aquarium_view_2d,
          aquarium_view_2a, aquarium_balcony_3a, serial_shops,
          nicolae_lakefront_shop, minivault_24, st_stairs_8
D:2:      layout_loops_ring, serial_shops, shop, shop, shop,
          nicolae_shop_waterfront, uniq_jessica
D:3:      cheibrodos_fertilizer, layout_loops_ring,
          nemelex_xobeh_ov_fountains_minmay, kennysheep_generic_room_4
D:4:      layout_basic, gammafunk_temple_overflow_arena, portal_sewer_entry_b,
          uniq_eustachio
D:5:      layout_rooms, serial_corexii_hall, corexii_hall_statues_x,
          corexii_hall_statues_deadend, corexii_hall_statues_l,
          corexii_hall_statues_s, grunt_decor_arrowhead, uniq_blork_the_orc,
          uniq_ijyb

Skill      XL: |  1  2  3  4  5  6  7 |
---------------+----------------------+-----
Axes           | 3 4 5 6 8 |  8.7
Fighting       | 4 5 6 |  6.9
Shields        | 4 5 6 |  6.8
Armour         | |  3.6

Action                   |  1- 3 |  4- 6 |  7- 9 || total
-------------------------+-------+-------+-------++-------
Melee: War axe           |    58 |   139 |    91 ||   288
       Headbutt          |    14 |    20 |    21 ||    55
       Unarmed           |       |       |     8 ||     8
Throw: Dart              |       |     1 |       ||     1
  Use: Potion            |       |     2 |       ||     2
       Scroll            |       |       |     3 ||     3
Armor: Scale mail        |    40 |    71 |    15 ||   126
       Skin              |       |       |     4 ||     4
Dodge: Dodged            |    27 |    50 |    41 ||   118
Block: Kite shield       |    36 |    65 |    55 ||   156

Table legend: (Time is in decaauts)
 A = Elapsed time spent in this place.
 B = Non-inter-level travel time spent in this place.
 C = Inter-level travel time spent in this place.
 D = Time resting spent in this place.
 E = Time spent auto-exploring this place.
 F = Levels seen in this place.
 G = Mean time per level.
                   A        B        C        D        E       F      G
               +--------+--------+--------+--------+--------+-----+--------+
         Total |   5631 |   5594 |     37 |   1708 |   1958 |   6 |  938.5 |
       Dungeon |   4998 |   4961 |     37 |   1291 |   1847 |   5 |  999.6 |
         Sewer |    632 |    632 |      0 |    417 |    111 |   1 |  632.0 |
               +--------+--------+--------+--------+--------+-----+--------+

Top non-repeatable levels by time:
     D:5: 1331 daAuts
     D:1: 1211 daAuts
     D:4: 878 daAuts
     D:3: 866 daAuts
     D:2: 710 daAuts
   Sewer: 632 daAuts
